 Dungeon Crawl Stone Soup version 0.28.0-1-gb440e238dd (webtiles) character file.

Game seed: 17287215406461319664

29 cbfl8 the Sneak (level 3, -10/33 HPs)
             Began as a Minotaur Delver on Feb 23, 2022.
             Shot with an arrow by a centaur (11 damage)
             ... on level 5 of the Dungeon.
             The game lasted 00:00:23 (365 turns).

cbfl8 the Sneak (Minotaur Delver)                    Turns: 365, Time: 00:00:24

Health: -10/33     AC:  5    Str: 18    XL:     3   Next: 1%
Magic:  2/2        EV: 11    Int:  7    God:
Gold:   9          SH:  0    Dex: 11    Spells: 2/2 levels left

rFire   . . .      SeeInvis .   a - +0 hand axe
rCold   . . .      Faith    .   (no shield)
rNeg    . . .      Spirit   .   h - +0 ring mail {rPois}
rPois   +          Reflect  .   (helmet restricted)
rElec   .          Harm     .   (no cloak)
rCorr   .          Rampage  .   (no gloves)
Will    .....                   (no boots)
Stlth   ++........              (no amulet)
HPRegen 0.11/turn               (no ring)
MPRegen 0.08/turn               (no ring)

@: no status effects
A: horns 2, retaliatory headbutt
a: no special abilities


You were on level 5 of the Dungeon.
You visited 1 branch of the dungeon, and saw 1 of its levels.

You collected 9 gold pieces.

Inventory:

Hand Weapons
 a - a +0 hand axe (weapon)
Armour
 b - a +0 leather armour
 h - a +0 ring mail of poison resistance (worn)
Wands
 g - a wand of digging (3)
Scrolls
 c - a scroll of fog
 d - a scroll of magic mapping
 e - a scroll of fear
Potions
 f - a potion of haste


   Skills:
 + Level 3.9 Fighting
 + Level 2.6 Axes
 + Level 2.2 Dodging
 + Level 4.7 Stealth


You had 2 spell levels left.
You didn't know any spells.
Your spell library was empty.

Dungeon Overview and Level Annotations

Branches:
Dungeon (5/15)
 Temple: D:4-7

Altars:


Innate Abilities, Weirdness & Mutations

You have a pair of horns on your head.
You reflexively headbutt those who attack you in melee.


Message History

The jelly barely misses you. You furiously retaliate!
You headbutt the jelly!
You kill the jelly!
You have reached level 2!
You have reached level 3!
Your experience leads to an increase in your attributes!
Increase (S)trength, (I)ntelligence, or (D)exterity?
You feel stronger. x2
You start resting.
HP restored.
You start waiting.
Done waiting.
Found a shiny ring mail.
Found 9 gold pieces.
You see here a +0 ring mail of poison resistance.
h - a +0 ring mail of poison resistance You now have 9 gold pieces.
You start removing your armour.
You continue taking off your +0 leather armour. x4
You finish taking off your +0 leather armour.
You start putting on your armour.
You continue putting on your +0 ring mail of poison resistance. x5
You finish putting on your +0 ring mail of poison resistance.
You feel resistant to poison.
Found 7 gold pieces.
Found a stone staircase leading down.
Found a rapier.
A centaur comes into view.
The centaur shouts!
The centaur wields a +0 shortbow.
The centaur shoots an arrow.
The arrow barely misses you.
The centaur shoots an arrow.
The arrow barely misses you.
The centaur shoots an arrow.
The arrow hits you.
You see here 7 gold pieces.
The centaur shoots an arrow.
The arrow hits you.
The centaur shoots an arrow.
The arrow hits you!
There is a stone staircase leading down, spattered with blood here.
The centaur shoots an arrow.
The arrow hits you!
* * * LOW HITPOINT WARNING * * *
You see here 7 gold pieces.
The centaur shoots an arrow.
The arrow hits you!
You die...

### ..#####
#.....############
##...............#
#.....##########.#
##...## #.# ##.##
#.# #.# #.# #.#
##@## #+# ##.$.##
#..>..# #.......#
#........##
#........#
......).#.#
##..c.###.# #.#..
.#


You could see a centaur.

Vanquished Creatures
  A jelly (D:5)
1 creature vanquished.

Notes
Turn   | Place    | Note
-------+----------+-------------------------------------------
     0 | D:5      | cbfl8 the Minotaur Delver began the quest for the Orb.
     0 | D:5      | Reached XP level 1. HP: 19/19 MP: 0/0
     2 | D:5      | Noticed a jelly
    10 | D:5      | Killed a jelly
    11 | D:5      | Reached XP level 2. HP: 9/27 MP: 1/1
    11 | D:5      | Reached XP level 3. HP: 11/33 MP: 2/2
   361 | D:5      | Noticed a centaur
   364 | D:5      | HP: 1/33 [centaur/arrow (10)]
   365 | D:5      | Shot with an arrow by a centaur

Illustrated notes

Levels and vault maps discovered:
D:5:      layout_loops_corners, nicolae_yredelemnul_ghost_church,
          minmay_misc_feat_more_columns, uniq_ijyb

Action                   || total
-------------------------++-------
Melee: Hand axe          ||     3
       Headbutt          ||     1
Dodge: Dodged            ||     5
